Map: Fracture LE

Players

DASH

  • Race: Terran Terran
  • League: Diamond
  • Spawn Location: 11:00

Woogie - Winner!

  • Race: Zerg Zerg
  • League: Diamond
  • Spawn Location: 5:00

VOD

Have the link to the VOD?

Description

Early ling pressure reveals Cyclones! And 2 factories!

Time

  • Played on: Sept. 17, 2018, 12:45 p.m.
  • Length: 11:59
Show
View Real Time Build Order
Export as new Build Order

DASH Terran 

Build Orders: Hellion Opening 

Get SALT Encoding   

  12  0:00  SCV  
  13  0:12  SCV  
  14  0:18  Supply Depot  
  14  0:28  Refinery, SCV  
  15  0:37  Refinery  
  15  0:48  Barracks  
  15  0:52  SCV  
  16  1:04  SCV  
  17  1:21  SCV  
  18  1:34  SCV  
  18  1:37  Factory  
  19  1:40  Supply Depot  
  19  1:44  Barracks Reactor  
  19  1:47  SCV  
  20  2:08  Orbital Command  
  20  2:28  Hellion  
  20  2:29  Hellion  
  24  2:32  Supply Depot  
  24  2:33  SCV  
  24  2:37  Marine  
  26  2:49  Hellion  
  26  2:50  Hellion  
  30  2:57  SCV  
  31  3:08  Barracks Tech Lab  
  31  3:09  SCV  
  31  3:11  Hellion  
  34  3:19  Command Center  
  34  3:25  SCV  
  35  3:30  Factory  
  35  3:38  Hellion x2  
  35  3:53  SCV  
  32  3:56  Marauder  
  32  4:00  Cyclone  
  37  4:05  SCV  
  38  4:13  Supply Depot  
  38  4:17  Marine  
  39  4:28  Engineering Bay  
  39  4:29  Factory Tech Lab  
  40  4:31  SCV  
  40  4:33  Hellion  
  40  4:35  Supply Depot  
  42  4:39  Orbital Command  
  42  4:48  Marine  
  42  4:51  Cyclone  
  46  4:55  Infernal Pre-Igniter  
  46  4:58  SCV  
  47  5:05  Marine  
  47  5:06  Cyclone  
  51  5:17  SCV x2  
  51  5:18  Refinery  
  53  5:23  Marine  
  53  5:25  Hellion  
  56  5:29  SCV  
  56  5:32  SCV  
  58  5:41  SCV, Marine  
  60  5:44  Supply Depot, SCV  
  60  5:45  Supply Depot  
  60  5:48  Cyclone  
  64  5:53  SCV  
  64  5:56  SCV  
  66  5:59  Marine  
  66  6:00  Supply Depot  
  67  6:15  Command Center  
  67  6:25  Marine  
  67  6:39  Hellion x2  
  61  6:43  Marine  
  61  6:45  Hellion  
  53  6:58  SCV x2  
  53  7:00  Hellion x2  
  53  7:01  Marine  
  58  7:06  Hellion  
  58  7:08  Barracks x3  
  60  7:10  SCV  
  60  7:11  SCV  
  60  7:12  Refinery  
  60  7:15  Terran Infantry Weapons Level 1  
  62  7:18  Marine  
  62  7:21  Hellion  
  62  7:22  Hellion  
  67  7:27  Orbital Command  
  67  7:28  Hellion  
  69  7:31  SCV x2  
  71  7:40  Marine  
  71  7:43  Supply Depot  
  72  7:46  Stimpack  
  72  7:49  Siege Tank  
  77  7:51  Hellion  
  75  8:12  Marine, Hellion  
  74  8:13  Hellion  
  74  8:18  SCV x3  
  73  8:21  Siege Tank  
  74  8:28  Marine x2  
  74  8:30  SCV  
  74  8:33  Hellion  
  81  8:34  Hellion  
  81  8:40  Marine x2  
  83  8:46  Marine x2  
  85  8:50  SCV x3  
  85  8:53  Siege Tank  
  89  8:57  Hellion x2  
  89  8:58  Marine x2  
  89  9:02  SCV  
  92  9:04  Marine x2  
  92  9:08  Orbital Command  
  92  9:16  Marine  
  93  9:18  Hellion x2  
  93  9:21  Supply Depot  
  97  9:25  Siege Tank  
  97  9:26  Supply Depot  
  97  9:27  Armory, Engineering Bay  
  97  9:29  Armory  
  97  9:31  Refinery  
  97  9:34  Refinery  
  97  9:39  Hellion  
  97  9:40  Hellion  
  97  9:46  Marine x2  
  97  9:47  Marine  
  98  9:56  SCV x2  
  98  9:57  Siege Tank  
  103  10:01  Hellion x2  
  101  10:14  Marine  
  101  10:15  Marine x3  
  101  10:16  SCV x2  
  107  10:22  Hellion x2  
  107  10:25  SCV  
  104  10:28  SCV  
  104  10:29  Hellion  
  104  10:30  Factory  
  104  10:32  Marine x2  
  104  10:33  Marine  
  110  10:37  SCV  
  111  10:44  Hellion x2  
  111  10:47  Marine  
  111  10:49  SCV  
  117  10:50  Marine  
  117  10:51  Hellion  
  120  11:00  Marine  
  120  11:01  Marine  
  120  11:02  Command Center  
  122  11:05  Marine, Hellion x2  
  127  11:12  Hellion  
  127  11:18  Hellion  
  127  11:21  SCV x2  
  123  11:26  Hellion x2  
  115  11:34  Hellion  
  115  11:37  Marine x2  
  114  11:46  SCV x3  
Show
View Real Time Build Order
Export as new Build Order

Woogie Zerg - Winner!

Build Orders: Hatch First 

Get SALT Encoding   

  12  0:01  Drone  
  13  0:12  Overlord  
  13  0:21  Drone  
  14  0:31  Drone x2  
  17  0:35  Drone  
  17  0:53  Drone  
  18  0:57  Hatchery  
  17  1:10  Spawning Pool  
  16  1:12  Drone  
  16  1:16  Extractor  
  16  1:17  Drone  
  17  1:26  Drone  
  17  1:28  Drone  
  19  1:53  Overlord  
  19  1:59  Drone  
  19  2:01  Queen  
  22  2:12  Queen  
  22  2:14  Zergling x2  
  25  2:16  Metabolic Boost, Drone x2  
  25  2:21  Drone  
  28  2:31  Drone  
  28  2:32  Overlord  
  28  2:33  Drone  
  30  2:42  Queen  
  30  2:43  Drone x2  
  34  2:56  Queen  
  34  2:57  Drone  
  34  2:58  Drone  
  38  3:02  Overlord  
  38  3:12  Drone  
  39  3:13  Hatchery, Drone  
  39  3:20  Overlord  
  39  3:32  Zergling x4  
  39  3:33  Zergling x4  
  38  3:54  Drone  
  38  3:55  Drone  
  39  3:58  Drone x4  
  43  4:04  Overlord  
  43  4:06  Drone x4  
  47  4:34  Evolution Chamber  
  47  4:36  Extractor x2  
  47  4:37  Evolution Chamber  
  43  4:43  Drone x7  
  43  4:44  Drone x3  
  52  5:00  Baneling Nest  
  52  5:06  Zerg Ground Armor Level 1  
  51  5:13  Zergling x2, Drone x4  
  56  5:14  Zergling x8  
  56  5:15  Queen x2  
  56  5:17  Overlord  
  64  5:28  Zergling x2  
  64  5:29  Overlord  
  64  5:30  Overlord  
  64  5:35  Zerg Melee Weapons Level 1, Queen  
  67  5:43  Spore Crawler  
  67  5:48  Drone  
  67  5:49  Drone  
  68  5:51  Drone x3  
  68  5:54  Lair  
  71  6:01  Zergling x2  
  71  6:02  Zergling x8  
  76  6:09  Baneling  
  76  6:10  Baneling x12  
  76  6:11  Zergling x10  
  68  6:41  Zergling x12  
  68  6:42  Zergling x10  
  75  6:49  Drone x2  
  75  6:50  Drone  
  76  6:55  Centrifical Hooks  
  76  6:58  Zergling x2  
  76  6:59  Zergling x4  
  79  7:04  Overlord  
  79  7:09  Zerg Missile Weapons Level 1, Hydralisk Den  
  79  7:10  Hatchery  
  79  7:12  Drone  
  79  7:13  Drone x3  
  79  7:15  Baneling x4  
  81  7:32  Zerg Ground Armor Level 2  
  81  7:34  Drone x3  
  81  7:35  Drone x5  
  90  7:37  Extractor, Zergling x4  
  90  7:38  Overlord x3, Extractor  
  85  8:14  Hydralisk x6  
  93  8:22  Grooved Spines  
  93  8:34  Zergling x16  
  91  8:35  Zergling x6  
  101  8:44  Zergling x2  
  101  8:45  Zergling x8  
  103  9:04  Hydralisk  
  103  9:05  Hydralisk x10  
  103  9:09  Overlord x2  
  125  9:19  Pneumatized Carapace  
  125  9:20  Hatchery  
  114  9:31  Zergling x2  
  114  9:32  Zergling x26  
  123  9:47  Muscular Augments  
  122  9:53  Hydralisk  
  122  9:54  Zergling x2  
  122  9:55  Zergling x30  
  122  10:15  Zergling x2  
  123  10:27  Baneling x5  
  123  10:28  Baneling x3  
  121  10:31  Baneling x2  
  121  10:32  Baneling x2  
  121  10:39  Overlord x2  
  121  10:40  Overlord  
  121  10:42  Infestation Pit  
  115  11:26  Hydralisk x2  
  115  11:27  Hydralisk x5  
Tags
 
Add a new tag
Caveats
  • Supply blocks, unpowered buildings, or Contaminate may cause inaccurate times.
  • Supply counts are checked every 10 seconds.